 Dungeon Crawl Stone Soup version 0.31-a0-702-gf82c85558f (webtiles) character file.

Game seed: 3449955429663422405

88 qw the Shooter (level 4, -5/28 HPs)
             Began as a Gargoyle Hunter on Sept 8, 2023.
             Slain by a water moccasin (6 damage)
             ... in a sewer.
             The game lasted 00:00:43 (1743 turns).

qw the Shooter (Gargoyle Hunter)                    Turns: 1743, Time: 00:00:43

Health: -5/28      AC:  8    Str: 14    XL:     4   Next: 54%
Magic:  4/4        EV: 10    Int: 10    God:
Gold:   117        SH:  0    Dex: 15    Spells: 3/3 levels left

rFire   . . .        Y - +1 shortbow
rCold   . . .        (shield currently unavailable)
rNeg    + . .        j - +0 ring mail
rPois   inf          (no helmet)
rElec   +            (no cloak)
rCorr   .            (no gloves)
SInv    .            (no boots)
Will    .....        (no amulet)
Stlth   +            (no ring)
HPRegen 0.24/turn    (no ring)
MPRegen 0.09/turn

%: no passive effects
@: no status effects
A: sickness immunity, AC +3, negative energy resistance 1, electricity
resistance, torment resistance 1, petrification resistance
a: no special abilities


You were in a sewer.
You visited 1 branch of the dungeon, and saw 3 of its levels.
You also visited: Sewer.

You collected 117 gold pieces.


Innate Abilities, Weirdness & Mutations

You are immune to sickness and miasma.
Your stone body is resilient. (AC +3)
You are immune to poison.
You resist negative energy. (rN+)
You are resistant to electric shocks. (rElec)
You are resistant to unholy torment.
You are immune to petrification.


   Skills:
 - Level 3.0 Fighting
 + Level 5.3 Ranged Weapons
 - Level 1.0 Armour
 - Level 1.5 Dodging
 - Level 1.1 Stealth


You had 3 spell levels left.
You didn't know any spells.
Your spell library was empty.

Inventory:

Hand Weapons
 Y - a +1 shortbow (weapon)
Armour
 j - a +0 ring mail (worn)
Scrolls
 k - a scroll of identify
Potions
 a - 2 potions of heal wounds {unknown}
 b - a potion of haste {unknown}
 d - 2 potions of curing
 e - a potion of brilliance {unknown}
 g - a potion of lignification {unknown}
 i - a potion of mutation {unknown}

Dungeon Overview and Level Annotations

Branches:
Dungeon (3/15)              Sewer (1/1)

Altars:

Annotations:
D:3 1 transporter


Message History

You shoot an arrow. The arrow hits the water moccasin.
The water moccasin is heavily wounded.
The water moccasin completely misses you.
The water moccasin bites you.
You shoot an arrow. The arrow misses the water moccasin.
The water moccasin barely misses you.
You shoot an arrow.
The arrow barely misses the water moccasin.
The water moccasin bites you but does no damage.
The water moccasin bites you.
You shoot an arrow.
The arrow hits the water moccasin but does no damage.
The water moccasin is heavily wounded.
The water moccasin bites you but does no damage.
The water moccasin closely misses you.
You shoot an arrow.
The arrow hits the water moccasin but does no damage.
The water moccasin is heavily wounded.
The water moccasin bites you.
You shoot an arrow. The arrow misses the water moccasin.
The water moccasin bites you. The water moccasin closely misses you.
You shoot an arrow. The arrow hits the water moccasin!
The water moccasin is almost dead.
The water moccasin bites you but does no damage.
The water moccasin bites you.
You shoot an arrow.
The arrow closely misses the water moccasin.
The water moccasin bites you!
You shoot an arrow.
The arrow barely misses the water moccasin.
The water moccasin bites you. The water moccasin barely misses you.
You shoot an arrow. The arrow hits the water moccasin.
The water moccasin is almost dead.
The water moccasin bites you but does no damage.
The water moccasin bites you.
You shoot an arrow.
The arrow hits the water moccasin but does no damage.
The water moccasin is almost dead.
The water moccasin closely misses you. The water moccasin bites you.
You die...

#...#...#
#~.###..##
#.~. #.~.#
#~~# ##~.#
#.. #~.#
#. #~.#
##~.#
#...#
#@.##
#~S.#
~.~.##
#.....#
##~..##
#~~. .#~#
):#.


You could see a water moccasin.

Vanquished Creatures
  2 adders
  A river rat (D:3)
  5 ball pythons
  An endoplasm (D:2)
  9 giant cockroaches
  7 goblins
  3 hobgoblins (D:2)
  6 jackals
  4 kobolds
  5 quokkas
  5 bats
  3 frilled lizards
  5 rats
56 creatures vanquished.

Notes
Turn   | Place    | Note
-------+----------+-------------------------------------------
     0 | D:1      | qw the Gargoyle Hunter began the quest for the Orb.
     0 | D:1      | Reached XP level 1. HP: 12/12 MP: 1/1
     0 | D:1      | 0 ||| qw: Version: 0.3-a-76-g4403597
     0 | D:1      | 0 ||| qw: Game counter: 1265
     0 | D:1      | 0 ||| qw: Melee chars always use a shield: true
     0 | D:1      | 0 ||| qw: God list: Okawaru
     0 | D:1      | 0 ||| qw: Allow faded altars: false
     0 | D:1      | 0 ||| qw: Do Orc after clearing Dungeon:15 true
     0 | D:1      | 0 ||| qw: Do second Lair branch before Depths: true
     0 | D:1      | 0 ||| qw: Lair rune preference: random
     0 | D:1      | 0 ||| qw: Goals: Normal
     0 | D:1      | 0 ||| PLANNING D:1-11
   172 | D:1      | Reached XP level 2. HP: 17/17 MP: 2/2
   657 | D:1      | 657 ||| DRINKING 3 metallic purple potions.
   658 | D:1      | 658 ||| DROPPING scroll of butterflies.
   678 | D:2      | Reached XP level 3. HP: 21/21 MP: 3/3
   717 | D:2      | Identified the +0 scale mail of the Mackerel {Harm}
   730 | D:2      | Reached skill level 5 in Ranged Weapons
   870 | D:2      | Reached skill level 3 in Fighting
  1100 | D:2      | Reached XP level 4. HP: 28/28 MP: 4/4
  1417 | D:2      | 1417 ||| UPGRADING to +0 ring mail.
  1427 | D:2      | 1427 ||| DROPPING +0 leather armour.
  1428 | D:2      | 1428 ||| READING scroll labelled ONONEVE FIGY.
  1429 | D:2      | 1429 ||| READING scroll labelled SUOFAZ EVER.
  1430 | D:2      | 1430 ||| READING 2 scrolls labelled RUNAEW REIKLIH.
  1431 | D:2      | 1431 ||| READING scroll labelled TIEVAI XIMYS.
  1532 | D:2      | 1532 ||| READING scroll labelled KAAHON ZEJEN.
  1533 | D:2      | 1533 ||| READING scroll labelled EHOREJENYD.
  1549 | D:3      | 1549 ||| PLANNING SEWER
  1565 | D:3      | Found a transporter.
  1598 | D:3      | Reached skill level 1 in Armour
  1628 | D:3      | Found a glowing drain.
  1675 | Sewer    | Entered a sewer
  1681 | Sewer    | 1681 ||| Stepping ~*~*~tactically~*~*~ (water).
  1727 | Sewer    | Noticed a water moccasin
  1740 | Sewer    | HP: 4/28 [water moccasin (8)]
  1742 | Sewer    | HP: 1/28 [water moccasin (2)]
  1743 | Sewer    | Slain by a water moccasin

Levels and vault maps discovered:
D:1:      dpeg_arrival_tiny_d, layout_basic, minmay_misc_feat_room,
          nrook_loot_triangle, nicolae_eternal_life
D:2:      layout_basic, minmay_pentomino_z2
D:3:      layout_basic, nicolae_overflow_hidden_temple, zin_angel,
          gup_sewer_entry_bubbles, gammafunk_ghost_mausoleum
Sewer:    sewer_the_moccasin

Skill      XL: |  1  2  3  4 |
---------------+-------------+-----
Ranged Weapons | 5 |  5.3
Fighting       | 3 |  3.0
Armour         | 1 |  1.0
Dodging        | |  1.5
Stealth        | |  1.1

Action                     |  1- 3 |  4- 6 || total
---------------------------+-------+-------++-------
   Fire: Shortbow          |   115 |    54 ||   169
    Use: Potion            |     1 |       ||     1
         Scroll            |       |     6 ||     6
 Armour: Leather armour    |    23 |     1 ||    24
         Ring mail         |       |    33 ||    33
  Dodge: Dodged            |    22 |    16 ||    38

Table legend:
 A = Non-vault XP
 B = Vault XP
 C = Vault XP percentage of total XP
 D = Non-vault monster count
 E = Vault monster count
 F = Vault count percentage of total count
                 A         B        C        D         E       F
            +---------+---------+-------+---------+---------+-------
      Total |      86 |      41 |  32.3 |      46 |      10 |  17.9
            +---------+---------+-------+---------+---------+-------
        D:1 |      33 |       0 |   0.0 |      22 |       0 |   0.0
        D:2 |      50 |       4 |   7.4 |      22 |       2 |   8.3
        D:3 |       3 |      35 |  92.1 |       2 |       7 |  77.8
      Sewer |       0 |       2 | 100.0 |       0 |       1 | 100.0
            +---------+---------+-------+---------+---------+-------
